 Dungeon Crawl Stone Soup version 0.26-a0-1132-ge9770dfcb6 (webtiles) character file.

Game seed: 7594887534676442302

8817 Dracia the Grappler (level 11, -4/100 HPs)
             Began as a Troll Monk on Dec 20, 2020.
             Slain by a two-headed ogre
             ... wielding a +0 giant spiked club
              (19 damage)
             ... on level 9 of the Dungeon.
             The game lasted 00:17:39 (8689 turns).

Dracia the Grappler (Troll Monk)                    Turns: 8689, Time: 00:17:39

Health: -4/100     AC: 11    Str: 20 (21) XL:     11   Next: 14%
Magic:  8/8        EV: 13    Int:  6      God:
Gold:   1746       SH:  5    Dex: 14 (15) Spells: 10/10 levels left

rFire    . . .     SeeInvis .     - Unarmed
rCold    + . .     Faith    .   (no shield)
rNeg     . . .     Spirit   .   L - +0 swamp dragon scales
rPois    +         Reflect  +   (helmet restricted)
rElec    .         Harm     .   B - scarf {shadows}
rCorr    .         Rampage  .   (gloves unavailable)
Will     .....     Clarity  +   (boots unavailable)
Stlth    +.........             l - amulet of reflection
HPRegen  0.66/turn              C - ring of protection from cold (curse)
MPRegen  0.11/turn              (no ring)

@: no status effects
A: large, unfitting armour, claws 3, clarity, low mp 1, regeneration 1, shaggy
fur 1, tough skin 3, wild magic 1
a: no special abilities


You were on level 9 of the Dungeon.
You visited 2 branches of the dungeon, and saw 11 of its levels.

You collected 1746 gold pieces.


Innate Abilities, Weirdness & Mutations

You are too large for most types of armour.
You have claws for hands.
Your natural rate of healing is unusually fast.
You are covered in fur. (AC +1)
You have extremely tough skin. (AC +3)
You possess an exceptional clarity of mind.
Your magical capacity is low. (-10% MP)
Your spells are a little harder to cast, but a little more powerful.


   Skills:
 - Level 4.3 Fighting
 + Level 8.1 Dodging
 - Level 1.0 Stealth
 + Level 11.9 Unarmed Combat
 + Level 6.1 Evocations


You had 10 spell levels left.
You didn't know any spells.
Your spell library contained the following spells:

 Spells                   Type           Power        Failure   Level
 Animate Skeleton         Necr           0%           73%         1
 Corona                   Hex            0%           73%         1
 Magic Dart               Conj           0%           73%         1
 Pain                     Necr           0%           73%         1
 Ensorcelled Hibernation  Hex/Ice        0%           85%         2
 Searing Ray              Conj           0%           85%         2
 Confusing Touch          Hex            0%           97%         3
 Dazzling Flash           Conj/Hex       0%           97%         3
 Gell's Gravitas          Tloc           0%           97%         3
 Tukima's Dance           Hex            0%           97%         3
 Vampiric Draining        Necr           0%           97%         3
 Animate Dead             Necr           0%           100%        4
 Fulminant Prism          Conj/Hex       0%           100%        4
 Iskenderun's Mystic Bla  Conj/Tloc      0%           100%        4
 Petrify                  Tmut/Erth      0%           100%        4
 Agony                    Necr           0%           100%        5
 Metabolic Englaciation   Hex/Ice        0%           100%        5
 Yara's Violent Unravell  Hex/Tmut       0%           100%        5

Inventory:

Missiles
 r - 54 poisoned darts
 s - 3 silver boomerangs
 v - 25 boomerangs (quivered)
 w - 6 curare-tipped darts {=f=f}
Armour
 a - a +1 robe
 f - a +0 kite shield
 B - a scarf of shadows (worn)
 F - a +0 cloak
 H - a +0 robe of willpower
 L - +0 swamp dragon scales (worn)
Jewellery
 l - an amulet of reflection (around neck)
 o - an uncursed amulet of magic regeneration
 C - a cursed ring of protection from cold (left claw)
 G - an uncursed amulet of guardian spirit
Wands
 g - a wand of acid (7)
 m - a wand of flame (46)
 y - a wand of random effects (25)
 D - a wand of digging (5)
 I - a wand of polymorph (9)
 K - a wand of paralysis (9)
Scrolls
 b - 3 scrolls of enchant armour
 d - 6 scrolls of identify {@r1@r1}
 p - 3 scrolls of magic mapping
 u - 3 scrolls of fog
 x - 3 scrolls of remove curse {@r2@r2}
 E - 2 scrolls of amnesia
Potions
 c - a potion of brilliance
 e - 5 potions of cancellation
 h - 3 potions of mutation
 i - 7 potions of curing {@q1@q1}
 j - 4 potions of haste {@q3@q3}
 k - 3 potions of ambrosia
 n - 4 potions of heal wounds {@q2@q2}
 q - 3 potions of magic
 z - 2 potions of lignification
 A - a potion of flight

Dungeon Overview and Level Annotations

Branches:
Dungeon (10/15)            Temple (1/1) D:7             Orc (0/2) D:9
   Lair: D:8-11

Altars:
Elyvilon
Fedhas
Hepliaklqana
Makhleb
Nemelex Xobeh
Okawaru
Sif Muna
Trog
Uskayaw
Wu Jian
Yredelemnul
The Shining One

Annotations:
D:8 exclusion: oklob plant

#..######.##.###..#
############.###..#
.......#..........#
.......#..........#
.......'..........#
.......###+####...#
#####..##....##...#
#####..##....##.÷O#
..#..........##.@.#
.<#..............D#
..#...............#
..#...........#...#
.###...##'###.#####
.########.....#
..#...........#
..#...........#
#########....##


You could see an ice dragon (catching breath) and a two-headed ogre.


Message History

There is a stone staircase leading up, spattered with blood here.
The ice dragon bites you. The ice dragon misses you.
The ice dragon tramples you but does no damage.
You block the two-headed ogre's attack.
The two-headed ogre hits you with a +0 giant spiked club!!
You climb upwards.
There is a stone staircase leading down here.
You scratch the two-headed ogre.
The two-headed ogre is heavily wounded.
The ice dragon bites you! The ice dragon closely misses you.
The ice dragon barely misses you.
You barely miss the two-headed ogre.
The two-headed ogre is heavily wounded.
The two-headed ogre barely misses you.
The two-headed ogre hits you with a +0 giant spiked club!
* * * LOW HITPOINT WARNING * * *
The ice dragon bites you.
* * * LOW HITPOINT WARNING * * *
The ice dragon claws you!
* * * LOW HITPOINT WARNING * * *
The ice dragon tramples you but does no damage.
You closely miss the two-headed ogre.
The two-headed ogre is heavily wounded.
The ice dragon breathes frost at you. The blast of cold hits you! You resist.
* * * LOW HITPOINT WARNING * * *
The two-headed ogre hits you with a +0 giant spiked club!
* * * LOW HITPOINT WARNING * * *
The two-headed ogre hits you with a +0 giant spiked club!!
You die...

Skill      XL: |  1  2  3  4  5  6  7  8  9 10 11 |
---------------+----------------------------------+-----
Unarmed Combat | 4 5 6 7 8 10 11 | 11.9
Fighting       | 3 4 |  4.3
Dodging        | 3 4 5 6 7 8 |  8.1
Evocations     | 1 2 4 5 6 |  6.1
Stealth        | |  1.0

Action                   |  1- 3 |  4- 6 |  7- 9 | 10-12 || total
-------------------------+-------+-------+-------+-------++-------
Melee: Unarmed           |   137 |   145 |   328 |   319 ||   929
       Punch             |       |     3 |    14 |    19 ||    36
Throw: Boomerang         |       |       |     1 |       ||     1
  Use: Scroll            |       |     7 |     5 |     3 ||    15
       Potion            |       |     9 |       |     2 ||    11
 Stab: Sleeping          |     1 |     3 |     4 |     1 ||     9
       Distracted        |     1 |       |       |       ||     1
Armor: Robe              |    57 |    38 |    80 |    40 ||   215
       Swamp dragon scal |       |       |       |    47 ||    47
Dodge: Dodged            |    87 |    80 |   154 |   213 ||   534
Block: Other             |       |     8 |    58 |    82 ||   148
       Reflection        |       |       |     2 |     4 ||     6

Levels and vault maps discovered:
D:1:      dpeg_arrival_morbid_curiosity, layout_basic
D:2:      layout_basic, elyvilon_altar_5
D:3:      layout_basic, minmay_box_of_dots
D:4:      minmay_diamond_boxcup, layout_gridville, okawaru_trees_2,
          marbit_many_paths, grunt_ministairs_11
D:5:      layout_basic, dancing_weapons_uskayaw, minmay_door_square,
          kennysheep_generic_room_10
D:6:      layout_rooms, overflow_temple_1_default
D:7:      layout_loops_ring, lemuel_coloured_pillars_altar,
          lemuel_crystal_altar, minmay_temple_entry_purple_smoke, eino_jars
D:8:      layout_gridville, tgw_fedhas, uniq_maggie
D:9:      layout_gridville, lemuel_doored_altar, gammafunk_temple_overflow_claw,
          dk_noncrumbling_2
D:10:     minmay_coctagon, layout_cave_pools, dpeg_oklobed_lair
Temple:   compressed_dpeg_circular_temple

Notes
Turn   | Place    | Note
-------+----------+-------------------------------------------
     0 | D:1      | Dracia the Troll Monk began the quest for the Orb.
     0 | D:1      | Reached XP level 1. HP: 22/22 MP: 0/0
   208 | D:1      | Reached XP level 2. HP: 29/29 MP: 1/1
   450 | D:1      | Reached XP level 3. HP: 36/36 MP: 2/2
   872 | D:2      | Found a white marble altar of Elyvilon.
   893 | D:2      | Reached skill level 4 in Unarmed Combat
  1049 | D:2      | Reached skill level 3 in Fighting
  1049 | D:2      | Reached XP level 4. HP: 45/45 MP: 3/3
  1255 | D:2      | Reached skill level 3 in Dodging
  2129 | D:3      | Reached XP level 5. HP: 53/53 MP: 4/4
  2395 | D:3      | Gained mutation: Your magical capacity is low. (-10% MP)
                  | [potion of mutation]
  2395 | D:3      | Gained mutation: Your spells are a little harder to cast,
                  | but a little more powerful. [potion of mutation]
  2395 | D:3      | Gained mutation: You possess an exceptional clarity of
                  | mind. [potion of mutation]
  2529 | D:4      | Reached skill level 5 in Unarmed Combat
  2573 | D:4      | Reached XP level 6. HP: 61/61 MP: 4/4
  2771 | D:4      | Found an iron altar of Okawaru.
  2833 | D:4      | Reached skill level 6 in Unarmed Combat
  2833 | D:4      | Reached XP level 7. HP: 58/68 MP: 5/5
  3071 | D:4      | Reached skill level 4 in Fighting
  3071 | D:4      | Reached skill level 4 in Dodging
  3198 | D:4      | Found a burning altar of Makhleb.
  3491 | D:5      | Entered Level 5 of the Dungeon
  3869 | D:5      | Found a hide-covered altar of Uskayaw.
  3869 | D:5      | Noticed a +0 hand axe
  3870 | D:5      | Noticed a +0 hand axe
  4038 | D:6      | Reached skill level 7 in Unarmed Combat
  4216 | D:6      | Reached skill level 1 in Evocations
  4216 | D:6      | Reached XP level 8. HP: 73/78 MP: 6/6
  4396 | D:6      | Reached skill level 8 in Unarmed Combat
  4511 | D:6      | Reached skill level 2 in Evocations
  4562 | D:6      | Reached skill level 5 in Dodging
  4572 | D:6      | Found a glowing golden altar of the Shining One.
  4938 | D:7      | Found a staircase to the Ecumenical Temple.
  4949 | D:7      | Reached XP level 9. HP: 84/84 MP: 7/7
  4981 | D:7      | Reached skill level 9 in Unarmed Combat
  5017 | D:7      | Reached skill level 3 in Evocations
  5054 | Temple   | Entered the Ecumenical Temple
  5217 | D:7      | Found an ornate altar of the Wu Jian Council.
  5295 | D:7      | Found a basalt altar of Yredelemnul.
  5636 | D:7      | Reached skill level 6 in Dodging
  5803 | D:8      | Noticed a two-headed ogre
  5809 | D:8      | Killed a two-headed ogre
  5810 | D:8      | Reached skill level 10 in Unarmed Combat
  5810 | D:8      | Reached skill level 4 in Evocations
  5880 | D:8      | Found a blossoming altar of Fedhas.
  5891 | D:8      | Noticed an oklob plant
  5951 | D:8      | Noticed a red ugly thing
  5962 | D:8      | Killed a red ugly thing
  5963 | D:8      | Reached XP level 10. HP: 64/93 MP: 8/8
  6397 | D:8      | Reached skill level 11 in Unarmed Combat
  6464 | D:8      | Reached skill level 7 in Dodging
  6744 | D:8      | Noticed Maggie
  6756 | D:8      | Killed Maggie
  6757 | D:8      | Reached skill level 5 in Evocations
  7191 | D:9      | Found a staircase to the Orcish Mines.
  7221 | D:9      | Identified the cursed +1 flail of Abil {vorpal, Int+3}
  7298 | D:9      | Found a shimmering blue altar of Sif Muna.
  7298 | D:9      | Found a hazy altar of Hepliaklqana.
  7298 | D:9      | Found a sparkling altar of Nemelex Xobeh.
  7426 | D:9      | Found a bloodstained altar of Trog.
  7819 | D:9      | Identified a scroll of acquirement
  7819 | D:9      | Acquired 1116 gold pieces
  7918 | D:10     | Entered Level 10 of the Dungeon
  8185 | D:10     | Noticed a gargoyle
  8198 | D:10     | Killed a gargoyle
  8199 | D:10     | Reached XP level 11. HP: 77/100 MP: 8/8
  8324 | D:10     | Noticed an ice dragon
  8325 | D:10     | Found the +8 frozen axe "Frostbite" {freezing cloud, *Noise
                  | +Fly rC+}
  8429 | D:9      | Reached skill level 8 in Dodging
  8429 | D:9      | Reached skill level 6 in Evocations
  8679 | D:10     | Noticed a two-headed ogre
  8689 | D:9      | Slain by a two-headed ogre

Vanquished Creatures
  A two-headed ogre (D:8)
  An ugly thing (D:8)
  Maggie (D:8)
  A gargoyle (D:10)
  2 rime drakes (D:9)
  A troll (D:9)
  6 slime creatures
  A wyvern (D:10)
  A water moccasin (D:8)
  3 sky beasts
  An orc warrior (D:8)
  4 black bears
  A necrophage (D:5)
  4 phantoms
  4 centaurs
  4 ice beasts
  4 ogres
  A gnoll sergeant (D:7)
  3 bullfrogs
  A wyvern zombie (D:7)
  12 killer bees
  5 scorpions
  4 wights (D:6)
  4 howler monkeys
  A bullfrog zombie (D:8)
  3 centaur zombies
  3 jellies
  3 centaur skeletons
  4 orc priests
  5 hounds
  12 orc wizards
  2 bullfrog skeletons
  2 iguanas
  2 worker ants (D:4)
  2 hound skeletons
  2 worker ant zombies
  16 adders
  9 gnolls
  A shadow imp (D:9)
  5 white imps
  2 ufetubi
  2 oozes
  2 worms
  2 dart slugs (D:1)
  2 leopard geckos
  56 orcs
  5 ball pythons
  4 bats
  4 giant cockroaches
  11 goblins
  15 hobgoblins
  11 jackals
  3 quokkas
  5 frilled lizards
  15 kobolds
  A quokka skeleton (D:4)
  3 quokka zombies
  4 rats
289 creatures vanquished.

Vanquished Creatures (others)
  26 plants (D:8)
26 creatures vanquished.

Grand Total: 315 creatures vanquished

Table legend: (Time is in decaauts)
 A = Elapsed time spent in this place.
 B = Non-inter-level travel time spent in this place.
 C = Inter-level travel time spent in this place.
 D = Time resting spent in this place.
 E = Time spent auto-exploring this place.
 F = Levels seen in this place.
 G = Mean time per level.
                   A        B        C        D        E       F      G
               +--------+--------+--------+--------+--------+-----+--------+
         Total |   8561 |   8359 |    202 |   1130 |   5317 |  11 |  778.3 |
       Dungeon |   8492 |   8290 |    202 |   1063 |   5317 |  10 |  849.2 |
        Temple |     68 |     68 |      0 |     67 |      0 |   1 |   68.0 |
               +--------+--------+--------+--------+--------+-----+--------+

Top non-repeatable levels by time:
     D:8: 1300 daAuts
     D:9: 1251 daAuts
     D:4: 1085 daAuts
     D:3: 845 daAuts
     D:7: 827 daAuts
     D:1: 804 daAuts
     D:6: 778 daAuts
     D:2: 729 daAuts
     D:5: 524 daAuts
    D:10: 347 daAuts
  Temple: 68 daAuts

Table legend:
 A = Non-vault XP
 B = Vault XP
 C = Vault XP percentage of total XP
 D = Non-vault monster count
 E = Vault monster count
 F = Vault count percentage of total count
                 A         B        C        D         E       F
            +---------+---------+-------+---------+---------+-------
      Total |   10832 |    1765 |  14.0 |     262 |      27 |   9.3
            +---------+---------+-------+---------+---------+-------
        D:1 |      59 |       9 |  13.2 |      29 |       5 |  14.7
        D:2 |      73 |       0 |   0.0 |      23 |       0 |   0.0
        D:3 |      48 |      11 |  18.6 |      16 |       4 |  20.0
        D:4 |     732 |      72 |   9.0 |      23 |       7 |  23.3
        D:5 |     166 |      14 |   7.8 |      11 |       1 |   8.3
        D:6 |    1361 |       0 |   0.0 |      32 |       0 |   0.0
        D:7 |    1175 |     375 |  24.2 |      34 |       6 |  15.0
        D:8 |    3429 |     389 |  10.2 |      47 |       1 |   2.1
        D:9 |    1772 |     895 |  33.6 |      34 |       3 |   8.1
       D:10 |    2017 |       0 |   0.0 |      13 |       0 |   0.0
            +---------+---------+-------+---------+---------+-------
